 Dungeon Crawl Stone Soup version 0.18.1-6-gd335043 (webtiles) character file.

84 Nvm9 the Skirmisher (level 4, -8/35 HPs)
             Began as a Demonspawn Fighter on May 18, 2016.
             Mangled by a gnoll
             ... wielding a +0 halberd
              (11 damage)
             ... on level 1 of the Dungeon.
             The game lasted 00:03:24 (1564 turns).

Nvm9 the Skirmisher (Demonspawn Fighter)            Turns: 1564, Time: 00:03:25

Health: -8/35      AC:  6    Str: 17    XL:     4   Next: 24%
Magic:  4/4        EV:  7    Int: 10    God:
Gold:   86         SH:  9    Dex: 17    Spells: 0 memorised, 3 levels left

rFire  . . .     SeeInvis .     a - +0 war axe
rCold  . . .     Gourm    .     b - +0 scale mail
rNeg   . . .     Faith    .     c - +0 shield
rPois  .         Spirit   .     (no helmet)
rElec  .         Dismiss  .     (no cloak)
rCorr  .         Reflect  .     (no gloves)
SustAt .         Harm     .     (no boots)
MR     .....                    i - amulet of rage
Stlth  +.........               (no ring)
                                (no ring)

@: agile, not resistant to hostile enchantments, very unstealthy
A: powered by death 1, powered by pain 1
a: Evoke Berserk Rage


You were on level 1 of the Dungeon.
You were not hungry.

You visited 1 branch of the dungeon, and saw 2 of its levels.

You collected 86 gold pieces.

Inventory:

Hand Weapons
 a - a +0 war axe (weapon)
Armour
 b - a +0 scale mail (worn)
 c - a +0 shield (worn)
Jewellery
 i - an amulet of rage (around neck)
Scrolls
 e - 4 scrolls of identify
 g - a scroll of enchant armour
Comestibles
 h - a royal jelly


   Skills:
 + Level 3.4 Fighting
 + Level 2.5 Axes
 * Level 3.4 Armour
 + Level 3.2 Shields


You had 3 spell levels left.
You didn't know any spells.

Dungeon Overview and Level Annotations

Branches:
Dungeon (2/15)

Altars:

Annotations:
D:1 Terence


Innate Abilities, Weirdness & Mutations

You regenerate a little health from kills.
You sometimes gain a little power by taking damage.


Message History

* * * LOW HITPOINT WARNING * * *
You focus on the pain.
You feel more agile all of a sudden. Terence hits you but does no damage.
Terence says, "Time to say good-bye..."
You aren't carrying any potions.
Read which item? (? for menu, Esc to quit)
As you read the scroll labeled KOEDAEKUERR, it crumbles to dust.
It is a scroll of identify.
Identify which item? (\ to view known items) (? for menu, Esc to quit)
g - a scroll of enchant armour You block Terence's attack.
The gnoll hits you from afar with a halberd.
* * * LOW HITPOINT WARNING * * *
Terence screams, "I'm going to kill you!"
Terence says, "Rest in peace."
Terence barely misses you.
There is a stone staircase leading down here.
The gnoll hits you from afar with a halberd!
You die...

#.## ###........####.....
#..# #................. ##.#
#........##)).(.## #.#
####...........#.....
###.####.....#..#........#..
#......####..##...##########
#......###.g......####......
#..........@......##...##.##
#......##..@......#..###...#
#.........###.#.###.## #.⌠.#
#.......### #...# #.####...#
#......## #..## #...###.##
##.##.########.# #.⌠.###.##
#.##.##.......####.........
#.##....####.....##.##.....
#.#..#### #..####....)....
#.#...# ##..####.⌠.###.##


You could see Terence and a gnoll.

Vanquished Creatures
  2 gnolls (D:2)
  2 adders (D:2)
  A worm (D:2)
  A giant gecko (D:1)
  A ball python (D:1)
  7 bats
  3 giant cockroaches
  5 goblins
  5 hobgoblins
  3 jackals (D:2)
  A quokka (D:2)
  6 giant newts
  3 kobolds
  2 rats
42 creatures vanquished.

Notes
Turn   | Place    | Note
--------------------------------------------------------------
     0 | D:1      | Nvm9 the Demonspawn Fighter began the quest for the Orb.
     0 | D:1      | Reached XP level 1. HP: 18/18 MP: 1/1
   183 | D:1      | Gained mutation: You regenerate a little health from kills. [demonic ancestry]
   183 | D:1      | Reached XP level 2. HP: 19/24 MP: 2/2
   504 | D:2      | Gained mutation: You sometimes gain a little power by taking damage. [demonic ancestry]
   504 | D:2      | Reached XP level 3. HP: 29/29 MP: 3/3
  1094 | D:2      | Noticed Terence
  1370 | D:2      | Reached XP level 4. HP: 23/35 MP: 4/4
  1374 | D:2      | HP: 1/35 [gnoll/spear (6)]
  1564 | D:1      | Mangled by a gnoll

Skill      XL: |  1  2  3 |
---------------+----------+-----
Axes           | 2 |  2.5
Armour         | 3 |  3.4
Shields        | 3 |  3.2
Fighting       | |  3.4

Action                   |  1- 3 |  4- 6 || total
-------------------------+-------+-------++-------
Melee: War axe           |   161 |     7 ||   168
  Use: Potion            |     1 |       ||     1
       Scroll            |       |     1 ||     1
  Eat: Chunk             |     1 |       ||     1
       Bread ration      |       |     1 ||     1
Armor: Scale mail        |    80 |     5 ||    85
Dodge: Dodged            |    64 |     6 ||    70
Block: Shield            |   114 |     8 ||   122
